Map: Crimson Court LE

Players

LiquidMaNa (MaNa)

  • Race: Protoss Protoss
  • League: Master
  • Spawn Location: 1:00

Lambo - Winner!

  • Race: Terran Terran
  • League: Grandmaster
  • Spawn Location: 7:00

VOD

Have the link to the VOD?

Description

Time

  • Played on: July 29, 2024, 9:54 a.m.
  • Length: 10:56
Show
View Real Time Build Order
Export as new Build Order

LiquidMaNa Protoss 

Build Orders: 1 Gate Expand, Oracle Opening, Phoenix Opening 

Get SALT Encoding   

  12  0:00  Probe  
  13  0:12  Probe  
  14  0:18  Pylon  
  14  0:24  Probe (Chrono Boost)  
  15  0:36  Gateway  
  15  0:37  Probe (Chrono Boost)  
  16  0:45  Probe (Chrono Boost)  
  16  0:46  Assimilator  
  17  0:51  Probe  
  18  1:03  Probe  
  19  1:15  Probe  
  20  1:23  Cybernetics Core  
  20  1:33  Nexus  
  20  1:41  Pylon  
  20  1:42  Probe  
  21  1:49  Assimilator  
  21  1:55  Probe  
  21  1:57  Adept (Chrono Boost)  
  24  2:07  Probe  
  25  2:16  Stargate  
  25  2:19  Probe (Chrono Boost)  
  25  2:21  Adept  
  29  2:30  Probe (Chrono Boost), Warp Gate  
  29  2:34  Probe (Chrono Boost)  
  30  2:45  Probe (Chrono Boost)  
  32  2:51  Probe (Chrono Boost)  
  32  2:55  Probe (Chrono Boost)  
  34  2:58  Probe (Chrono Boost)  
  34  2:59  Oracle (Chrono Boost)  
  34  3:00  Probe (Chrono Boost)  
  38  3:09  Probe, Gateway  
  38  3:12  Probe  
  40  3:21  Probe  
  40  3:24  Probe  
  42  3:32  Phoenix (Chrono Boost)  
  42  3:33  Probe  
  45  3:34  Pylon  
  45  3:36  Probe  
  45  3:37  Gateway  
  46  3:51  Nexus  
  46  3:52  Probe  
  46  3:54  Phoenix  
  49  3:57  Probe  
  50  4:05  Probe  
  50  4:09  Probe  
  50  4:28  Probe x2  
  50  4:29  Phoenix  
  52  4:33  Robotics Facility  
  52  4:34  Assimilator  
  52  4:38  Assimilator  
  52  4:40  Probe x2 (Chrono Boost)  
  54  4:46  Twilight Council  
  54  4:48  Forge  
  54  4:59  Pylon  
  54  5:00  Pylon  
  54  5:02  Phoenix  
  54  5:03  Probe (Chrono Boost)  
  54  5:05  Probe (Chrono Boost)  
  54  5:06  Probe (Chrono Boost)  
  60  5:15  Probe (Chrono Boost)  
  60  5:18  Probe (Chrono Boost)  
  60  5:20  Probe (Chrono Boost), Robotics Bay  
  60  5:21  Probe (Chrono Boost), Immortal (Chrono Boost)  
  66  5:23  Probe (Chrono Boost)  
  66  5:24  Protoss Ground Weapons Level 1 (Chrono Boost)  
  66  5:27  Probe  
  69  5:29  Probe  
  70  5:39  Probe x2  
  70  5:41  Charge  
  70  5:42  Probe  
  71  5:51  Probe x2  
  71  5:57  Probe  
  71  5:59  Observer (Chrono Boost)  
  71  6:00  Shield Battery, Gateway  
  71  6:03  Probe, Gateway x2  
  74  6:05  Sentry, Gateway  
  74  6:07  Colossus (Chrono Boost)  
  82  6:14  Zealot  
  84  6:27  Photon Cannon, Shield Battery, Pylon  
  84  6:29  Pylon  
  84  6:30  Pylon  
  84  6:44  Zealot x2  
  84  6:51  Probe x2  
  84  6:52  Colossus  
  79  6:55  Zealot x2  
  79  7:00  Zealot  
  79  7:01  Zealot x2  
  85  7:06  Extended Thermal Lance (Chrono Boost), Zealot  
  85  7:17  Pylon  
  85  7:18  Pylon  
  85  7:26  Protoss Ground Weapons Level 2 (Chrono Boost)  
  85  7:29  Nexus  
  85  7:35  Pylon  
  85  7:36  Sentry  
  87  7:37  Sentry x2  
  87  7:40  Probe  
  87  7:41  Probe  
  91  7:48  Zealot x2  
  91  7:58  Zealot x2  
  91  7:59  Warp Prism  
  91  8:02  Templar Archives  
  97  8:14  Nexus  
  97  8:20  Pylon  
  97  8:22  Probe  
  97  8:23  Probe  
  97  8:25  Pylon  
  99  8:38  High Templar  
  99  8:39  High Templar x3, Zealot  
  109  8:42  Pylon  
  109  8:43  Pylon, Archon x2  
  109  8:44  Zealot x2  
  113  8:52  Unknown  
  95  9:06  Stalker x3  
  101  9:17  Observer  
  101  9:19  Zealot x3  
  101  9:20  Zealot  
  89  9:31  High Templar  
  89  9:32  High Templar, Zealot  
  89  9:33  Probe  
  89  9:34  Shield Battery  
  89  9:36  Archon  
  96  9:44  Probe x2  
  98  9:45  Probe  
  98  9:50  High Templar x2  
  98  9:51  Zealot  
  98  9:52  Zealot  
  106  9:55  Archon  
  106  9:56  Zealot  
  103  10:20  Zealot x5  
  103  10:21  Probe  
  94  10:25  Probe  
  91  10:32  High Templar x2  
  95  10:41  Zealot  
  95  10:42  Zealot x4  
Show
View Real Time Build Order
Export as new Build Order

Lambo Terran - Winner!

Build Orders:  

Get SALT Encoding   

  12  0:00  SCV  
  13  0:12  SCV  
  14  0:17  Supply Depot  
  14  0:24  SCV  
  15  0:38  SCV  
  15  0:40  Barracks  
  16  0:43  Refinery  
  16  0:50  SCV  
  17  1:02  SCV  
  18  1:14  SCV  
  19  1:26  Orbital Command  
  19  1:37  Command Center  
  19  1:40  Marine  
  20  1:54  Factory  
  20  1:56  SCV  
  21  2:04  Barracks Reactor  
  21  2:07  Supply Depot  
  21  2:09  SCV  
  22  2:17  Refinery  
  22  2:21  SCV  
  23  2:33  SCV  
  24  2:39  Hellion  
  24  2:40  Marine x2  
  24  2:42  Starport  
  28  2:45  SCV  
  28  2:50  Orbital Command  
  29  2:57  SCV  
  30  2:59  Marine  
  30  3:00  Marine, Widow Mine  
  34  3:09  SCV  
  35  3:15  SCV  
  35  3:19  Medivac  
  38  3:21  SCV  
  38  3:22  Supply Depot  
  38  3:26  Marine, Widow Mine  
  42  3:27  SCV  
  42  3:30  Marine  
  42  3:33  SCV  
  45  3:38  Barracks  
  45  3:40  SCV  
  46  3:45  SCV  
  46  3:48  Factory Tech Lab, Barracks  
  47  3:51  Starport Tech Lab  
  47  3:52  SCV  
  48  3:56  Marine x2  
  48  3:57  SCV  
  50  4:04  SCV  
  49  4:10  SCV  
  49  4:12  Siege Tank  
  49  4:16  SCV  
  53  4:22  SCV  
  52  4:26  Marine  
  52  4:27  Marine  
  52  4:29  SCV  
  53  4:31  Supply Depot  
  53  4:34  SCV  
  52  4:38  Engineering Bay  
  52  4:41  SCV  
  51  4:46  SCV  
  51  4:47  Marine x2  
  51  4:50  Refinery  
  51  4:52  Stimpack, Supply Depot  
  54  4:53  SCV, Marauder  
  54  4:54  Starport Reactor  
  54  4:58  SCV  
  58  5:01  Supply Depot  
  58  5:04  Terran Infantry Weapons Level 1  
  58  5:05  SCV  
  59  5:07  Marine x2  
  59  5:10  SCV  
  59  5:13  Supply Depot  
  62  5:14  Combat Shield  
  62  5:16  Marauder  
  62  5:17  SCV, Marauder  
  67  5:22  Missile Turret  
  67  5:24  Widow Mine  
  67  5:25  SCV  
  70  5:29  Supply Depot  
  70  5:31  Medivac  
  70  5:34  Medivac  
  73  5:44  Marine x2, Marauder  
  73  5:46  SCV  
  76  5:50  Widow Mine  
  76  5:51  SCV  
  76  5:53  Missile Turret  
  76  5:55  Supply Depot  
  76  5:56  Marauder  
  79  5:58  SCV  
  79  6:00  Supply Depot  
  79  6:02  Marine  
  79  6:03  SCV  
  82  6:10  Marine, SCV, Marauder  
  86  6:14  Medivac  
  86  6:15  SCV  
  86  6:17  Marine, Medivac  
  92  6:25  Marine  
  93  6:32  Marine, Marauder, Concussive Shells  
  96  6:45  Marine, Marauder  
  99  6:49  SCV  
  99  6:50  Marine  
  99  6:53  Marauder  
  103  6:54  Command Center  
  103  6:56  SCV, Medivac  
  103  6:57  Medivac  
  103  7:01  SCV  
  109  7:02  Marine  
  109  7:08  SCV  
  109  7:12  Barracks  
  109  7:13  SCV, Supply Depot  
  109  7:14  Refinery, Barracks, Terran Infantry Armor Level 1, Supply Depot  
  110  7:20  SCV  
  111  7:26  Viking x2  
  115  7:30  Marine  
  115  7:31  Marauder  
  115  7:35  Marine, SCV  
  115  7:36  Marauder  
  111  7:48  Marine  
  112  7:52  Marauder  
  112  7:53  Marine  
  112  7:57  Widow Mine, Marauder, Viking  
  116  7:58  SCV  
  116  7:59  SCV  
  116  8:00  Barracks Tech Lab  
  118  8:06  Marine  
  118  8:07  Barracks Reactor  
  118  8:10  SCV  
  118  8:11  Marine, SCV  
  122  8:13  Marauder  
  122  8:14  Viking  
  122  8:18  Marauder  
  122  8:19  Supply Depot  
  128  8:23  Missile Turret, Supply Depot  
  128  8:27  Orbital Command  
  128  8:30  Marauder  
  128  8:33  Viking  
  132  8:35  SCV  
  132  8:36  SCV  
  132  8:40  Marauder x2  
  138  8:43  Widow Mine  
  138  8:46  Viking, Supply Depot  
  138  8:47  Marine  
  143  8:48  Marine  
  143  8:49  Marine  
  145  9:01  Marine  
  145  9:02  Marauder  
  131  9:05  Marine  
  131  9:06  Marauder  
  131  9:07  Marine  
  133  9:10  Marine  
  133  9:11  Viking  
  133  9:16  Viking  
  138  9:21  Marine  
  138  9:23  Marine, Marauder  
  138  9:24  Marauder  
  128  9:27  Marauder  
  128  9:28  Marine  
  123  9:34  Ghost Academy  
  123  9:35  SCV  
  123  9:36  Marine, SCV x2  
  123  9:37  Refinery x2  
  127  9:41  Viking  
  127  9:42  Marine x2  
  127  9:43  Widow Mine  
  127  9:44  Marauder  
  127  9:45  Marauder  
  137  9:46  Marine, Viking  
  137  9:47  SCV  
  137  9:48  SCV  
  137  9:49  Marauder  
  144  9:54  Marine  
  144  9:57  Armory  
  145  10:03  Marine x2  
  145  10:04  Marine  
  145  10:06  Marauder x2  
  152  10:10  Marauder  
  152  10:13  Marine  
  152  10:21  Marine x2  
  139  10:22  Marine  
  139  10:23  SCV  
  139  10:26  Medivac  
  139  10:27  Marauder  
  139  10:28  Marauder  
  148  10:31  Marine, Marauder  
  151  10:39  SCV  
Tags
 
Add a new tag
Caveats
  • Supply blocks, unpowered buildings, or Contaminate may cause inaccurate times.
  • Supply counts are checked every 10 seconds.